 Dungeon Crawl Stone Soup version 0.26-a0-1012-gedcf9b2963 (webtiles) character file.

Game seed: 168881272539612559

5623 Floopie the Cleaver (level 10, -23/94 HPs)
             Began as a Deep Dwarf Delver on Dec 6, 2020.
             Was a Believer of Makhleb.
             Annihilated by an orc knight
             ... wielding a +0 battleaxe
              (28 damage)
             ... on level 2 of the Orcish Mines on Dec 7, 2020.
             The game lasted 01:40:51 (1900 turns).

Floopie the Cleaver (Deep Dwarf Delver)             Turns: 1900, Time: 01:40:51

Health: -23/94     AC: 16    Str: 19    XL:     10   Next: 46%
Magic:  5/5        EV:  6    Int: 11    God:    Makhleb [**....]
Gold:   210        SH: 14    Dex: 14    Spells: 9/9 levels left

rFire    . . .     SeeInvis .   Y - +2 war axe (distort)
rCold    + . .     Faith    .   J - +0 tower shield {rC+}
rNeg     + . .     Spirit   .   N - +4 plate armour of Demons {rN+}
rPois    .         Reflect  .   (no helmet)
rElec    .         Harm     .   (no cloak)
rCorr    .         Rampage  .   (no gloves)
Will     +....                  (no boots)
Stlth    ..........             (no amulet)
HPRegen  0.00/turn              H - +4 ring of evasion
MPRegen  0.09/turn              (no ring)

@: about to teleport, non-regenerating
A: damage resistance, heal wounds, sense surroundings 2, no regeneration
a: Heal Wounds, Minor Destruction, Renounce Religion


You were on level 2 of the Orcish Mines.
You worshipped Makhleb.
Makhleb was pleased with you.
You visited 3 branches of the dungeon, and saw 15 of its levels.

You collected 347 gold pieces.
You spent 137 gold pieces at shops.

Inventory:

Hand Weapons
 G - a +0 spear
 I - a +1 war axe
 L - the +6 arbalest of Frustration {flame, rN++ Str+4 Int-2, unknown}
   (You found it on level 8 of the Dungeon)

   It causes projectiles fired from it to burn those they strike, causing extra
   injury to most foes and up to half again as much damage against particularly
   susceptible opponents.
   It affects your strength (+4).
   It affects your intelligence (-2).
   It greatly protects you from negative energy.
 O - a +2 whip of electrocution
 Y - a +2 war axe of distortion (weapon)
Missiles
 C - 7 datura-tipped darts
 U - 10 boomerangs
 X - 29 poisoned darts (quivered)
Armour
 J - a +0 tower shield of cold resistance (worn)
 N - the +4 plate armour of Demons (worn) {rN+}
   (You found it on level 6 of the Dungeon)

   It protects you from negative energy.
Jewellery
 D - an uncursed amulet of guardian spirit
 H - a +4 ring of evasion (left hand)
Wands
 E - a wand of enslavement (11)
 V - a wand of flame (56)
Scrolls
 c - a scroll of fog
 K - a scroll of immolation {unknown}
 P - a scroll of amnesia
 W - a scroll of remove curse
 Z - a scroll of enchant armour {unknown}
Potions
 M - a potion of attraction
 Q - 2 potions of curing
 R - a potion of magic
 S - a potion of lignification
 T - a potion of resistance


   Skills:
 + Level 7.0 Fighting
 + Level 13.1 Axes
 + Level 5.0 Armour
 - Level 2.1 Dodging
 - Level 6.0 Stealth
 + Level 5.1 Shields


You had 9 spell levels left.
You didn't know any spells.
Your spell library was empty.

Dungeon Overview and Level Annotations

Branches:
Dungeon (15/15)            Temple (1/1) D:5             Orc (2/2) D:10
 Depths (0/5) D:15
   Lair: D:8-11         Elf: Orc:2       Vaults: D:13-14

Altars:
Cheibriados
Dithmenos
Elyvilon
Fedhas
Gozag
Hepliaklqana
Kikubaaqudgha
Makhleb
Okawaru
Qazlal
Ru
Sif Muna
Trog
Vehumet
Wu Jian
Xom
Yredelemnul
Zin
The Shining One
Beogh
Lugonu

Shops:
Orc:2 [((

Annotations:
D:8 Pikel
D:10 Maurice
D:11 1 exclusion


Innate Abilities, Weirdness & Mutations

You are resistant to damage.
You can heal yourself by infusing magical energy.
You passively map the area around you.
You do not regenerate.


Message History

The orcs go into a battle-frenzy!
An orc comes into view.
The orc warrior shouts!
The orc shouts!
You hear a shout! x3
Unknown command.
Unknown command.
Okay, then.
Unknown command.
Unknown command.
You feel much better.
The orange demon stings you but does no damage.
The orc priest calls down the wrath of Beogh upon you.
Beogh smites you!
* * * LOW HITPOINT WARNING * * *
The orc priest looks encouraged for a moment.
The orc warrior hits you with a +0 dire flail!!
* * * LOW HITPOINT WARNING * * *
An orc priest comes into view.
The orc knight roars a battlecry!
The orc knight hits you with a +0 battleaxe!!
You die...

, * ###...# *
* ######...
#∩# ##.#...# ,
,......o.##∩.#
#....... , ,
........#...
##......
,..o.....#..
##..#..#
....o..... *
###....... , ,
,o.⌠.oo.o.##
##..#.##... ,
,.....oooo.#
#....##.... ,
,,


.o.oooo@# *##....#...# ,, , ....oooo# , ##........ , .....43o# * ##....... * ,,
######ooo * * #....... , #.o., ##...#... , * **#.o.. * #........ *, , ...o.
##......[ , ....oo #........ , * ** , , ####.##.... You could see an orc warlord
(strong), 3 orc knights, 3 orc high priests, a sun demon (summoned), an orange
demon (summoned), 3 orc sorcerers, 8 orc warriors, 5 orc priests, 3 orc wizards
and 3 orcs.

Vanquished Creatures
  A two-headed ogre (D:8)
  An orc knight (Orc:1)
  A manticore (D:13)
  A hornet (D:5)
  4 yaks (D:11)
  2 wargs (Orc:2)
  2 water moccasins
  8 orc warriors
  2 black bears (D:8)
  2 sky beasts (D:7)
  5 ogres
  3 centaurs
  3 lemures
  A big kobold (D:7)
  4 bullfrogs
  A scorpion (D:7)
  2 hounds
  7 orc priests
  2 jellies
  11 orc wizards
  A hound zombie (D:6)
  2 hound skeletons
  2 adders (D:6)
  5 gnolls
  A white imp (D:7)
  An ufetubus (D:5)
  An ooze (D:6)
  A leopard gecko (D:6)
  48 orcs
  4 kobolds (D:7)
  5 quokkas
134 creatures vanquished.

Vanquished Creatures (others)
  An orc (Orc:1)
1 creature vanquished.

Grand Total: 135 creatures vanquished

Notes
Turn   | Place    | Note
-------+----------+-------------------------------------------
     0 | D:5      | Floopie the Deep Dwarf Delver began the quest for the Orb.
     0 | D:5      | Reached XP level 1. HP: 20/20 MP: 1/1
     9 | D:6      | Got a masterwork plate armour
    23 | D:6      | Identified the +4 plate armour of Demons {rN+} (You found
                  | it on level 6 of the Dungeon)
    58 | D:7      | Noticed a wight
    58 | D:7      | Noticed a wight
    58 | D:7      | Noticed a wight
    58 | D:7      | Noticed a wight
    58 | D:7      | Noticed a wight
    89 | D:6      | Reached skill level 3 in Axes
    89 | D:6      | Reached XP level 2. HP: 27/27 MP: 2/2
   139 | D:4      | Reached skill level 3 in Fighting
   139 | D:4      | Reached skill level 4 in Axes
   139 | D:4      | Reached XP level 3. HP: 34/34 MP: 3/3
   175 | D:5      | Found a staircase to the Ecumenical Temple.
   181 | Temple   | Entered the Ecumenical Temple
   204 | Temple   | Became a worshipper of Elyvilon the Healer
   233 | D:5      | Noticed a hornet
   233 | D:5      | Noticed an ogre
   249 | D:5      | Killed a hornet
   250 | D:5      | Reached skill level 6 in Axes
   250 | D:5      | Reached XP level 4. HP: 32/42 MP: 4/4
   250 | D:5      | Reached XP level 5. HP: 37/49 MP: 5/5
   251 | D:5      | Killed an ogre
   252 | D:5      | Reached skill level 7 in Axes
   252 | D:5      | Reached XP level 6. HP: 42/56 MP: 6/6
   259 | D:4      | Found a radiant altar of Vehumet.
   288 | D:5      | Found a snail-covered altar of Cheibriados.
   339 | D:7      | Noticed a sky beast
   366 | D:6      | Found Zin's Purification Station.
   367 | D:6      | Found a glowing silver altar of Zin.
   373 | D:6      | Bought a potion of curing for 90 gold pieces
   417 | D:6      | Reached XP level 7. HP: 41/63 MP: 7/7
   450 | D:6      | Found a glowing golden altar of the Shining One.
   451 | D:6      | Found a snail-covered altar of Cheibriados.
   454 | D:6      | Found a shimmering blue altar of Sif Muna.
   454 | D:6      | Found a shimmering altar of Xom.
   457 | D:6      | Found an opulent altar of Gozag.
   458 | D:6      | Found a shadowy altar of Dithmenos.
   516 | D:6      | Reached skill level 8 in Axes
   544 | D:6      | Reached * piety under Elyvilon
   635 | D:7      | Found a burning altar of Makhleb.
   654 | D:7      | Fell from the grace of Elyvilon
   654 | D:7      | Became a worshipper of Makhleb the Destroyer
   699 | D:7      | Reached skill level 9 in Axes
   699 | D:7      | Reached XP level 8. HP: 72/74 MP: 6/8
   747 | D:8      | Noticed a two-headed ogre
   758 | D:8      | Reached skill level 10 in Axes
   760 | D:8      | Noticed Pikel
   764 | D:8      | Killed a two-headed ogre
   765 | D:8      | Reached skill level 11 in Axes
   855 | D:7      | Was forgiven by Elyvilon
   855 | D:7      | Gained mutation: You passively map the area around you.
                  | [Deep Dwarf growth]
   855 | D:7      | Reached XP level 9. HP: 42/81 MP: 7/7
   922 | D:8      | Reached * piety under Makhleb
   923 | D:8      | Reached skill level 12 in Axes
   946 | D:8      | Found a sacrificial altar of Ru.
   959 | D:8      | Got a smoking arbalest
   963 | D:8      | Noticed a death yak
   963 | D:8      | Noticed a death yak
   990 | D:10     | Entered Level 10 of the Dungeon
  1197 | D:10     | Reached skill level 6 in Fighting
  1211 | D:10     | Found a staircase to the Orcish Mines.
  1348 | D:15     | Entered Level 15 of the Dungeon
  1385 | D:13     | Noticed a manticore
  1399 | D:13     | Killed a manticore
  1400 | D:13     | Reached skill level 1 in Shields
  1408 | D:14     | Upgraded the game from 0.26-a0-996-g6b303dbc09 to
                  | 0.26-a0-1012-gedcf9b2963
  1479 | D:11     | Noticed a gargoyle
  1523 | D:11     | Reached skill level 13 in Axes
  1631 | D:10     | Found a roughly hewn altar of Beogh.
  1642 | D:10     | Reached skill level 3 in Armour
  1687 | D:10     | Noticed Maurice
  1707 | Orc:1    | Entered Level 1 of the Orcish Mines
  1722 | Orc:1    | Noticed an orc knight
  1736 | Orc:1    | Reached skill level 3 in Shields
  1736 | Orc:1    | Reached XP level 10. HP: 89/92 MP: 5/5
  1744 | Orc:1    | Killed an orc knight
  1746 | Orc:1    | Reached ** piety under Makhleb
  1765 | Orc:2    | Entered Level 2 of the Orcish Mines
  1852 | Orc:2    | Found Imiwk's Weapon Shop.
  1859 | Orc:2    | Bought 7 datura-tipped darts for 47 gold pieces
  1892 | Orc:2    | Noticed a cyclops
  1896 | Orc:2    | Found a radiant altar of Vehumet.
  1897 | Orc:2    | Found Mipsuzef's Antique Armour Shoppe.
  1897 | Orc:2    | Found Gouff's Antique Weapon Shoppe.
  1897 | Orc:2    | Noticed an orc sorcerer
  1897 | Orc:2    | Noticed an orc knight
  1897 | Orc:2    | Noticed an orc high priest
  1897 | Orc:2    | Noticed an orc warlord
  1897 | Orc:2    | Noticed an orc knight
  1897 | Orc:2    | Noticed an orc knight
  1897 | Orc:2    | Noticed an orc sorcerer
  1897 | Orc:2    | Noticed an orc high priest
  1897 | Orc:2    | Noticed an orc sorcerer
  1897 | Orc:2    | Noticed an orc high priest
  1898 | Orc:2    | Noticed an orange demon
  1899 | Orc:2    | Noticed a sun demon
  1900 | Orc:2    | Annihilated by an orc knight

Illustrated notes

Levels and vault maps discovered:
D:4:      layout_cave_pools, fiery_altar_vehumet, uniq_edmund
D:5:      layout_loops_ring, general_overflow_altar,
          ashenzari_conservatory_becter, minmay_temple_entry_enclosed_plants,
          basic_altar
D:6:      layout_basic, zin_purify, grunt_temple_overflow_open,
          uniq_prince_ribbit1
D:7:      layout_basic, basic_altar, uniq_maggie
D:8:      layout_cave_pools, overflow_temple_1_default, dpeg_lair_monsters,
          blue_anna_alchemist [blue_anna_fruit_fields, blue_anna_fruit_fields],
          uniq_pikel
D:9:      layout_stronghold
D:10:     layout_basic, minmay_orc_entry_temple_small, uniq_grum, uniq_maurice
D:11:     layout_grid_maze, enter_bailey_2, serial_shops, shop
D:12:     layout_irregular_city
D:13:     layout_loops_corners, uniq_azrael, uniq_josephine
D:14:     layout_grid_maze, hangedman_vaults_entry_quadrant_bands,
          serial_rivers, chequers_serial_rivers_small_3,
          chequers_serial_rivers_marsh, chequers_serial_rivers_small_3,
          chequers_serial_rivers_micro_a, minmay_misc_feat_doors,
          minmay_radiant, uniq_jorgrun, uniq_nessos
D:15:     hangedman_depths_entry_civil_slaughter, layout_basic, basic_altar,
          lemuel_coloured_pillars_altar
Temple:   corrupted_temple
Orc:1:    layout_caves, hangedman_minor_magic
Orc:2:    st_orc_congregation, layout_caves, serial_shops, shop_statue,
          hangedman_feature_mirror, nicolae_orc_lava_room

Skill      XL: |  1  2  3  4  5  6  7  8  9 10 |
---------------+-------------------------------+-----
Axes           | 3 4 6 7 9 11 13 | 13.1
Fighting       | 3 5 6 7 |  7.0
Armour         | 3 5 |  5.0
Shields        | 3 5 |  5.1
Dodging        | |  2.1
Stealth        | |  6.0

Action                   |  1- 3 |  4- 6 |  7- 9 | 10-12 || total
-------------------------+-------+-------+-------+-------++-------
Melee: Hand axe          |    32 |    43 |   364 |       ||   439
       War axe           |       |       |    71 |    62 ||   133
Throw: Dart              |       |       |     4 |       ||     4
Invok: Lesser Healing    |       |       |     8 |       ||     8
 Abil: Heal Wounds       |       |       |    13 |     2 ||    15
Evoke: Wand              |     1 |       |     5 |       ||     6
  Use: Scroll            |     2 |       |     9 |     2 ||    13
       Potion            |     2 |       |     3 |       ||     5
Armor: Plate armour      |    27 |    17 |   230 |    56 ||   330
Dodge: Dodged            |    13 |     7 |   102 |    13 ||   135
Block: Kite shield       |       |    13 |   135 |       ||   148
       Tower shield      |       |       |    45 |    76 ||   121

Table legend: (Time is in decaauts)
 A = Elapsed time spent in this place.
 B = Non-inter-level travel time spent in this place.
 C = Inter-level travel time spent in this place.
 D = Time resting spent in this place.
 E = Time spent auto-exploring this place.
 F = Levels seen in this place.
 G = Mean time per level.
                   A        B        C        D        E       F      G
               +--------+--------+--------+--------+--------+-----+--------+
         Total |   1872 |   1848 |     24 |      0 |      0 |  15 |  124.8 |
       Dungeon |   1634 |   1634 |      0 |      0 |      0 |  12 |  136.2 |
        Temple |     40 |     16 |     24 |      0 |      0 |   1 |   40.0 |
  Orcish Mines |    198 |    198 |      0 |      0 |      0 |   2 |   99.0 |
               +--------+--------+--------+--------+--------+-----+--------+

Top non-repeatable levels by time:
     D:6: 345 daAuts
    D:10: 259 daAuts
     D:7: 226 daAuts
    D:11: 207 daAuts
     D:8: 162 daAuts
    D:13: 136 daAuts
     D:5: 118 daAuts
   Orc:1: 102 daAuts
   Orc:2: 95 daAuts
     D:4: 66 daAuts
    D:14: 61 daAuts
  Temple: 40 daAuts
    D:12: 30 daAuts
     D:9: 9 daAuts
    D:15: 9 daAuts
